 Dungeon Sprint DCSS version 0.27-a0-216-g1fbed8a51c (webtiles) character file.

Game seed: 14284667678919873751

36 mhtbhm the Insei (level 3, -2/23 HPs)
             Began as an Octopode Transmuter on Jan 31, 2021.
             Slain by a human (9 damage)
             ... in the Dungeon (Sprint III: "The Ten Rune Challenge").
             The game lasted 00:00:27 (227 turns).

mhtbhm the Insei (Octopode Transmuter)               Turns: 227, Time: 00:00:27

Health: -2/23      AC:  1    Str: 10    XL:     3   Next: 37%
Magic:  3/7        EV: 14    Int: 15    God:
Gold:   16         SH:  0    Dex: 12    Spells: 2/8 levels left

rFire    . . .     SeeInvis .     - Unarmed
rCold    . . .     Faith    .   (no shield)
rNeg     . . .     Spirit   .   (helmet restricted)
rPois    .         Reflect  .   (no amulet)
rElec    .         Harm     .   (no ring)
rCorr    .         Rampage  .   (no ring)
Will     .....     NoTele   +   (no ring)
Stlth    +++.......             (no ring)
HPRegen  0.07/turn              (no ring)
MPRegen  0.10/turn              (no ring)
                                (no ring)
                                (no ring)

@: wereblooded
A: almost no armour, stealthy swim, amphibious, 8 rings, constrict 8, camouflage
1, gelatinous body 1
a: no special abilities


You were in the Dungeon.
You visited 1 branch You collected 16 gold pieces.

Inventory:

Scrolls
 a - 2 scrolls of remove curse {unknown}
 g - a scroll of blinking
Potions
 c - a potion of heal wounds
 d - a potion of haste
 e - 2 potions of magic
 f - a potion of berserk rage


   Skills:
 + Level 1.0 Fighting
 + Level 3.0 Dodging
 + Level 1.4 Stealth
 + Level 5.4 Unarmed Combat
 + Level 3.1 Spellcasting
 + Level 3.0 Transmutations


You had 2 spell levels left.
You knew the following spells:

 Your Spells              Type           Power        Failure   Level
a - Beastly Appendage     Tmut           22%          5%          1
b - Wereblood             Tmut           11%          9%          2
c - Spider Form           Tmut/Pois      3%           32%         3

Your spell library contained the following spells:

 Spells                   Type           Power        Failure   Level
 Ice Form                 Ice/Tmut       6%           71%         4
 Blade Hands              Tmut           5%           83%         5


Dungeon Overview and Level Annotations

Branches:
Dungeon (1/1)

Altars:


Innate Abilities, Weirdness & Mutations

You cannot wear most types of armour.
You are very stealthy in the water. (Stealth+)
You are amphibious.
You can wear up to eight rings at the same time.
You can use your tentacles to constrict eight enemies at once.
Your skin changes colour to match your surroundings (Stealth+).
Your rubbery body absorbs attacks. (AC +1, EV +1)


Message History

You are too injured to fight recklessly!
You are too injured to fight recklessly!
You are too injured to fight recklessly!
You are too injured to fight recklessly!
You are too injured to fight recklessly!
You feel better. The human completely misses you. The scorpion stings you.
You hit the human.
The human is poisoned.
The human is lightly wounded.
The human completely misses you. The scorpion misses you.
You hit the human.
The human looks as sick as possible!
The human is moderately wounded.
The human misses you. The scorpion stings you!
Unknown command.
Your transformation has ended.
The human closely misses you.
You tentacle-slap the human but do no damage.
You grab the human.
The human is heavily wounded.
You constrict the human. The human hits you!
You die...

▓..##.......# ..#
▓##.##.##...# ..#
##.##.###..# #..#
▓#.####.##).# ...+
▓.###..##.†## #...#
▓#.....##..###....#
###..##...##.....#
##..##....#p.....#
#..###..##@#.....#
#..# #.. ####....#
▓▓▓▓ ▓▓▓ ▓▓▓▓▓


You could see a human (very poisoned).

Vanquished Creatures
  Jessica (D)
  2 oozes (D)
  A rat (D)
4 creatures vanquished.

Notes
Turn   | Place    | Note
-------+----------+-------------------------------------------
     0 | D        | mhtbhm the Octopode Transmuter began the quest for the Orb.
     0 | D        | Reached XP level 1. HP: 13/13 MP: 3/3
    15 | D        | Reached skill level 4 in Unarmed Combat
    15 | D        | Reached XP level 2. HP: 11/18 MP: 2/5
   125 | D        | Noticed Jessica
   134 | D        | Killed Jessica
   135 | D        | Reached skill level 1 in Stealth
   135 | D        | Reached skill level 5 in Unarmed Combat
   135 | D        | Reached XP level 3. HP: 19/23 MP: 4/7
   211 | D        | Learned a level 2 spell: Wereblood
   215 | D        | Learned a level 3 spell: Spider Form
   218 | D        | Noticed a scorpion
   227 | D        | Slain by a human

Illustrated notes

Levels and vault maps discovered:
D:        dungeon_sprint_mu [sprint_mu_entry_cave, sprint_mu_temple_rooms,
          sprint_mu_d1_horrors, sprint_mu_d2_genie, sprint_mu_d3_branching,
          sprint_mu_orc_legion, sprint_mu_elf_gauntlet, sprint_mu_hive_nellie,
          sprint_mu_lair_fedhas, sprint_mu_vaults_butterflies,
          sprint_mu_slime_circle, sprint_mu_shoals_archi,
          sprint_mu_snake_twists, sprint_mu_blade_basic, sprint_mu_crypt_lich,
          sprint_mu_tomb_spiral, sprint_mu_vestibule_basic,
          sprint_mu_gehenna_hellfire, sprint_mu_dis_giant,
          sprint_mu_tartarus_statrot, sprint_mu_cocytus_islands, sprint_mu_zot1]

Skill      XL: |  1  2 |
---------------+-------+-----
Unarmed Combat | 4 5 |  5.4
Dodging        | 3 |  3.0
Stealth        | 1 |  1.4
Spellcasting   | 3 |  3.1
Transmutations | 3 |  3.0
Fighting       | |  1.0

Action                   || total
-------------------------++-------
Melee: Unarmed           ||    13
       Kick              ||     4
       Tentacles         ||     3
       Constrict         ||     2
 Cast: Beastly Appendage ||     2
       Spider Form       ||     1
       Wereblood         ||     1
  Use: Potion            ||     1
 Stab: Sleeping          ||     1
Dodge: Dodged            ||     7

Table legend: (Time is in decaauts)
 A = Elapsed time spent in this place.
 B = Non-inter-level travel time spent in this place.
 C = Inter-level travel time spent in this place.
 D = Time resting spent in this place.
 E = Time spent auto-exploring this place.
 F = Levels seen in this place.
 G = Mean time per level.
                   A        B        C        D        E       F      G
               +--------+--------+--------+--------+--------+-----+--------+
         Total |    225 |    225 |      0 |     95 |     83 |   1 |  225.0 |
       Dungeon |    225 |    225 |      0 |     95 |     83 |   1 |  225.0 |
               +--------+--------+--------+--------+--------+-----+--------+

Top non-repeatable levels by time:
       D: 225 daAuts
